[Event "Titled Tuesday Blitz May 03 Late 2022"]
[White "Hnydiuk, Aleksander"]
[Black "Stevens, Christian"]
[WhiteFideId "1109057"]
[BlackFideId "2604450"]
[WhiteElo "2374"]
[BlackElo "2493"]
[Result "0-1"]
[Round "03"]
[TimeControl "180+1"]
[Date "2022.05.03"]
[WhiteClock "0:00:06"]
[BlackClock "0:00:06"]

1. c4 c5 2. g3 g6 3. Bg2 Bg7 4. Nc3 Nc6 5. b3 Nf6 6. Ba3 d6 7. e3 O-O 8. Nge2 Bd7 9. O-O Qc8 10. d4 cxd4 11. exd4 Bh3 12. Bxh3 Qxh3 13. Nf4 Qf5 14. Ncd5 Nxd5 15. Nxd5 Qd7 16. Bb2 e6 17. Ne3 d5 18. cxd5 exd5 19. Qf3 Nxd4 20. Bxd4 Bxd4 21. Nxd5 Bxa1 22. Rxa1 Qd6 23. Rd1 Kg7 24. Qc3+ f6 25. Ne3 Qc6 26. Qa5 b6 27. Qa3 Rf7 28. Nc4 Qc5 29. Qb2 Re7 30. Rd6 Rf8 31. Qd2 b5 32. Ne3 Rff7 33. Ng4 g5 34. h4 h6 35. hxg5 hxg5 36. Rd8 Qf5 37. Qd1 Rd7 38. Rxd7 Rxd7 39. Qe2 Qb1+ 40. Kg2 Qd1 41. Qe6 Qd5+ 42. Qxd5 Rxd5 43. Kf3 Rd2 44. a4 Rd3+ 45. Ke4 Rxb3 46. axb5 Rxb5 47. Ne3 a5 48. Nf5+ Kf8 49. Nd6 Rb1 50. Nc4 a4 51. Kf5 Rb3 52. Kxf6 a3 53. Nxa3 Rxa3 54. Kxg5 Rf3 0-1


[Site "https://www.chess.com"]

[Event "Titled Tuesday Blitz May 03 Late 2022"]
[White "Hoffmann, Asa"]
[Black "Gascon Del Nogal, Jose Rafael"]
[WhiteFideId "2001470"]
[BlackFideId "3902463"]
[WhiteElo "2117"]
[BlackElo "2473"]
[Result "0-1"]
[Round "03"]
[TimeControl "180+1"]
[Date "2022.05.03"]
[WhiteClock "0:00:11"]
[BlackClock "0:00:09"]

1. d4 Nf6 2. Bg5 Ne4 3. Bf4 d5 4. f3 Nf6 5. e4 e6 6. e5 Nfd7 7. Be3 c5 8. c3 Nc6 9. f4 cxd4 10. cxd4 Nb6 11. Nf3 Bd7 12. Nc3 Rc8 13. Be2 Be7 14. O-O O-O 15. Rc1 Na5 16. b3 Nc6 17. Nb5 a6 18. Nd6 Bxd6 19. exd6 Na7 20. Bd3 Rxc1 21. Bxc1 h6 22. Bb1 Nb5 23. Ne5 Nxd6 24. Ba3 Bb5 25. Qc2 f5 26. Rf3 Re8 27. Qc3 Ne4 28. Bxe4 dxe4 29. Rg3 Nd5 30. Qc1 Qc7 31. Qxc7 Nxc7 32. Nc4 Bxc4 33. bxc4 Rd8 34. Bc5 b5 35. cxb5 Nxb5 36. Rb3 Nxd4 37. Rb7 Ne2+ 38. Kf2 Nxf4 39. Ba3 Nd5 40. Bb2 Nf6 41. Rb6 Kf7 42. Ke2 Rc8 43. Kd2 f4 44. Rxa6 e3+ 45. Kd1 e2+ 46. Kxe2 Rc2+ 47. Kf3 Rxb2 48. Kxf4 Rxg2 49. a4 Rxh2 50. a5 Ra2 51. Ra8 h5 52. a6 h4 53. Ke5 h3 54. a7 h2 0-1


[Site "https://www.chess.com"]

[Event "Titled Tuesday Blitz May 03 Late 2022"]
[White "Ibarra Jerez, Jose Carlos"]
[Black "Ezat, Mohamed"]
[WhiteFideId "2226332"]
[BlackFideId "10600906"]
[WhiteElo "2626"]
[BlackElo "2386"]
[Result "1-0"]
[Round "03"]
[TimeControl "180+1"]
[Date "2022.05.03"]
[WhiteClock "0:00:34"]
[BlackClock "0:00:09"]

1. c4 Nf6 2. Nc3 g6 3. e4 d6 4. g3 Bg7 5. Bg2 O-O 6. Nge2 c5 7. O-O Nc6 8. d3 a6 9. h3 Rb8 10. Be3 b5 11. b3 Nd7 12. e5 Bb7 13. exd6 exd6 14. Rc1 Nd4 15. Bxb7 Rxb7 16. Bxd4 cxd4 17. Nd5 Be5 18. Kg2 Nf6 19. Nxf6+ Bxf6 20. Nf4 Bg5 21. Qf3 Bxf4 22. Qxb7 Bxc1 23. Rxc1 Qa5 24. Rc2 h5 25. Qd5 Qb6 26. Re2 bxc4 27. dxc4 Qc5 28. Rd2 Qxd5+ 29. cxd5 Rc8 30. Rxd4 Rc5 31. Kf3 Kg7 32. Ke4 f5+ 33. Ke3 Kf6 34. h4 Ke5 35. f4+ Kf6 36. Rd3 Rc2 37. a3 Rg2 38. Kd4 Ke7 39. Re3+ Kd7 40. Kc4 Rc2+ 41. Kb4 Rc5 42. Re6 a5+ 43. Ka4 Rxd5 44. Rxg6 Kc6 45. Rg5 Kb6 46. Rxh5 Rd4+ 47. b4 axb4 48. axb4 Rd3 49. Rg5 Rd2 50. Rxf5 Ra2+ 51. Kb3 Rg2 52. Rg5 Rh2 53. h5 Rg2 54. h6 d5 55. h7 Rh2 56. Rxd5 Rxh7 57. Rg5 Rc7 58. Ka4 1-0


[Site "https://www.chess.com"]

[Event "Titled Tuesday Blitz May 03 Late 2022"]
[White "Issani, Nameer"]
[Black "Rasulov, Vugar"]
[WhiteFideId "2619130"]
[BlackFideId "13402390"]
[WhiteElo "2709"]
[BlackElo "2560"]
[Result "0-1"]
[Round "03"]
[TimeControl "180+1"]
[Date "2022.05.03"]
[WhiteClock "0:01:01"]
[BlackClock "0:01:22"]

1. d4 d5 2. c4 c6 3. Nf3 Nf6 4. e3 e6 5. Nc3 Nbd7 6. Be2 Bd6 7. O-O O-O 8. Qc2 Re8 9. b3 Qe7 10. Bb2 b6 11. e4 Nxe4 12. Nxe4 dxe4 13. Qxe4 Bb7 14. Rad1 Rad8 15. Rfe1 Nf6 16. Qh4 Bb4 17. Rf1 Ba3 18. Ba1 c5 19. Ne5 cxd4 20. Rxd4 Bc5 21. Rxd8 Rxd8 22. Ng4 Ne4 23. Qxe7 Bxe7 24. Bf3 f5 25. Ne5 Rd2 26. Rd1 Rxa2 27. Bd4 g5 28. h3 Bf6 29. Nd7 Bxd4 30. Rxd4 Kg7 31. Bxe4 Bxe4 32. f3 Ba8 33. Ne5 Kf6 34. Nd7+ Ke7 35. Ne5 h5 36. h4 g4 37. Rd7+ Ke8 38. Rh7 g3 39. Kf1 Rf2+ 40. Kg1 Re2 41. Nd3 Re3 42. Rh8+ Ke7 43. Rxa8 Rxd3 44. Kf1 a5 45. Rh8 Rxb3 46. Rxh5 a4 47. Rh7+ Kf6 48. Ra7 a3 49. Ke2 f4 50. Ra6 Rb2+ 51. Kf1 a2 0-1


[Site "https://www.chess.com"]

[Event "Titled Tuesday Blitz May 03 Late 2022"]
[White "Itkis, Boris"]
[Black "Castillo Pena, Patricia Evarista"]
[WhiteFideId "1209167"]
[BlackFideId "6412106"]
[WhiteElo "2207"]
[BlackElo "1918"]
[Result "1-0"]
[Round "03"]
[TimeControl "180+1"]
[Date "2022.05.03"]
[WhiteClock "0:02:28"]
[BlackClock "0:01:50"]

1. c4 c6 2. Nc3 Nf6 3. e3 d5 4. Nf3 e6 5. b3 Nbd7 6. Bb2 Bd6 7. Qc2 O-O 8. Rg1 e5 9. cxd5 cxd5 10. Nb5 Bb8 11. Rc1 a6 12. Nc7 Ra7 13. Ba3 Bxc7 14. Bxf8 b5 15. Bc5 Nxc5 16. Qxc5 Bb6 17. Qxc8 1-0


[Site "https://www.chess.com"]

[Event "Titled Tuesday Blitz May 03 Late 2022"]
[White "Jacobson, Brandon"]
[Black "Abdyzhapar, Asylbek"]
[WhiteFideId "30901561"]
[BlackFideId "13800337"]
[WhiteElo "2362"]
[BlackElo "2331"]
[Result "1-0"]
[Round "03"]
[TimeControl "180+1"]
[Date "2022.05.03"]
[WhiteClock "0:00:08"]
[BlackClock "0:00:13"]

1. d4 Nf6 2. c4 g6 3. Nc3 Bg7 4. e4 d6 5. Nf3 O-O 6. Be2 e5 7. O-O Nc6 8. dxe5 dxe5 9. Bg5 Qxd1 10. Rfxd1 h6 11. Be3 Ng4 12. Bc5 Rd8 13. Nd5 b6 14. Nxc7 Rxd1+ 15. Rxd1 Rb8 16. Bd6 Rb7 17. Ne8 Bh8 18. c5 bxc5 19. Ba6 Rxb2 20. Bxc8 Nxf2 21. Rc1 Nxe4 22. Bxc5 Nxc5 23. Rxc5 Ne7 24. Rc7 Nd5 25. Rb7 Nb6 26. Nd6 Rb1+ 27. Kf2 Rd1 28. Nxf7 e4 29. Nxh6+ Kf8 30. Ng5 Nxc8 31. Rb8 Rc1 32. Nxe4 Be5 33. Rb7 Bd4+ 34. Kf3 Rf1+ 35. Ke2 Rf4 36. Ng5 Rf2+ 37. Kd3 Bb6 38. Rb8 Rxg2 39. Rxc8+ Ke7 40. Nf3 Rf2 41. Ke4 Rxa2 42. Rc4 Ra4 43. Rxa4 Kf6 44. Ng4+ Ke6 45. Nge5 Kd6 46. Nxg6 Kc6 47. Nge5+ Kb5 48. Ra1 a5 49. Rb1+ Ka6 50. Kd5 a4 51. Kc6 Ba5 52. Ra1 1-0


[Site "https://www.chess.com"]

[Event "Titled Tuesday Blitz May 03 Late 2022"]
[White "Jones, Gawain C B"]
[Black "Zhang, Derek"]
[WhiteFideId "409561"]
[BlackFideId "2087871"]
[WhiteElo "2657"]
[BlackElo "2085"]
[Result "1-0"]
[Round "03"]
[TimeControl "180+1"]
[Date "2022.05.03"]
[WhiteClock "0:01:07"]
[BlackClock "0:00:01"]

1. Nf3 d6 2. d4 f5 3. Nc3 Nf6 4. Bg5 Nbd7 5. Qd3 g6 6. e4 fxe4 7. Nxe4 Bg7 8. O-O-O O-O 9. h4 Qe8 10. h5 Nxh5 11. Qb3+ e6 12. Re1 d5 13. Ng3 Nxg3 14. fxg3 c5 15. c4 Qf7 16. cxd5 exd5 17. Re7 Qf5 18. Bd3 c4 19. Bxf5 cxb3 20. Be6+ Kh8 21. Nh4 h5 22. Bxd7 bxa2 23. Nxg6+ 1-0


[Site "https://www.chess.com"]

[Event "Titled Tuesday Blitz May 03 Late 2022"]
[White "Kamsky, Gata"]
[Black "Przybylski, Wojciech"]
[WhiteFideId "2000024"]
[BlackFideId "1117599"]
[WhiteElo "2645"]
[BlackElo "2133"]
[Result "1-0"]
[Round "03"]
[TimeControl "180+1"]
[Date "2022.05.03"]
[WhiteClock "0:01:17"]
[BlackClock "0:00:02"]

1. d4 Nf6 2. Nf3 d5 3. Bf4 c6 4. e3 Bg4 5. Nbd2 Nbd7 6. c4 e6 7. Qb3 Qb6 8. c5 Qxb3 9. axb3 a6 10. b4 Bxf3 11. Nxf3 Rc8 12. h4 Be7 13. Nd2 Ne4 14. Nb3 Bd8 15. f3 Nef6 16. g4 h5 17. g5 Nh7 18. Na5 Bxa5 19. bxa5 f6 20. gxf6 gxf6 21. Bd6 Ndf8 22. Rg1 Kf7 23. Bd3 Rg8 24. Rxg8 Kxg8 25. Kf2 Kf7 26. e4 dxe4 27. fxe4 Ng6 28. Be2 Nxh4 29. Bxh5+ Ng6 30. Ke3 Ng5 31. Rh1 Kg7 32. Be2 Rh8 33. Rxh8 Nxh8 34. d5 exd5 35. exd5 cxd5 36. c6 bxc6 37. Bxa6 Ne4 38. Ba3 Nf7 39. Bb7 Ned6 40. a6 Nb5 41. Bxc6 Na7 42. Bxd5 Nd8 43. Bc5 Ndc6 44. b4 f5 45. Bxc6 Nxc6 46. b5 Nb8 47. a7 Nd7 48. Bd4+ Kg6 49. a8=Q 1-0


[Site "https://www.chess.com"]

[Event "Titled Tuesday Blitz May 03 Late 2022"]
[White "Keymer, Vincent"]
[Black "Omariev, Maksim"]
[WhiteFideId "12940690"]
[BlackFideId "4193423"]
[WhiteElo "2557"]
[BlackElo "2526"]
[Result "1-0"]
[Round "03"]
[TimeControl "180+1"]
[Date "2022.05.03"]
[WhiteClock "0:00:30"]
[BlackClock "0:00:03"]

1. Nf3 h5 2. c4 h4 3. Nc3 h3 4. g3 c6 5. e4 d6 6. d4 g6 7. Be2 Bg7 8. Bg5 Nd7 9. O-O Nf8 10. Re1 Bg4 11. Be3 e5 12. d5 c5 13. b4 b6 14. bxc5 bxc5 15. Rb1 Bh6 16. Nxe5 Bxe2 17. Qa4+ Nd7 18. Nxd7 Qxd7 19. Qxd7+ Kxd7 20. Rxe2 Bxe3 21. Rxe3 Nh6 22. Rb7+ Kc8 23. Rb3 Kd7 24. Re2 Rab8 25. Reb2 Rxb3 26. Rxb3 Ra8 27. f3 a6 28. Kf2 Kc7 29. g4 f6 30. Ne2 Nf7 31. f4 g5 32. Rxh3 Re8 33. Rh7 Re7 34. e5 dxe5 35. fxg5 fxg5 36. Ng3 Kd8 37. Ne4 1-0


[Site "https://www.chess.com"]

[Event "Titled Tuesday Blitz May 03 Late 2022"]
[White "Khabinets, Ivan"]
[Black "Fernandez Siles, Luis"]
[WhiteFideId "14115980"]
[BlackFideId "2209420"]
[WhiteElo "2114"]
[BlackElo "2212"]
[Result "0-1"]
[Round "03"]
[TimeControl "180+1"]
[Date "2022.05.03"]
[WhiteClock "0:00:50"]
[BlackClock "0:00:56"]

1. c4 Nf6 2. Nc3 g6 3. e4 d6 4. d4 Bg7 5. Nf3 O-O 6. Be2 c5 7. O-O Nc6 8. d5 Na5 9. Be3 e5 10. dxe6 Bxe6 11. Nd5 Nxe4 12. Qc2 Nf6 13. Bg5 Bxd5 14. cxd5 b6 15. Ba6 Rb8 16. a3 Qc7 17. b4 Nb7 18. Rad1 Rbe8 19. Nd4 Ne4 20. Nb5 Qd7 21. Be3 Nd8 22. Rfe1 f5 23. f3 Nf6 24. Nc3 Re7 25. Bb5 Qc7 26. Bf4 Nf7 27. Bc6 Nh5 28. Nb5 Qd8 29. Bd2 a6 30. Rxe7 Qxe7 31. Re1 Qh4 32. Nc7 Bd4+ 33. Re3 f4 34. Qe4 Bxe3+ 35. Bxe3 Qe1# 0-1


[Site "https://www.chess.com"]

[Event "Titled Tuesday Blitz May 03 Late 2022"]
[White "Khanin, Semen"]
[Black "Melkumyan, Hrant"]
[WhiteFideId "4111990"]
[BlackFideId "13302485"]
[WhiteElo "2442"]
[BlackElo "2604"]
[Result "0-1"]
[Round "03"]
[TimeControl "180+1"]
[Date "2022.05.03"]
[WhiteClock "0:00:41"]
[BlackClock "0:01:40"]

1. d4 d5 2. c4 e6 3. Nc3 c5 4. cxd5 cxd4 5. Qxd4 Nc6 6. Qd1 exd5 7. Qxd5 Bd6 8. Bg5 Nge7 9. Bxe7 Qxe7 10. Rd1 Nb4 11. Qb3 Be6 12. Qa4+ Bd7 13. Qb3 b5 14. e3 a6 15. Nd5 Nxd5 16. Qxd5 Bb4+ 17. Ke2 Rd8 18. Nf3 O-O 19. Qg5 Be6 20. Rxd8 Rxd8 21. b3 Rd2+ 22. Nxd2 Qxg5 0-1


[Site "https://www.chess.com"]

[Event "Titled Tuesday Blitz May 03 Late 2022"]
[White "Kholin, Aleksandr"]
[Black "Barria Zuniga, Daniel"]
[WhiteFideId "14179385"]
[BlackFideId "3400816"]
[WhiteElo "2461"]
[BlackElo "2414"]
[Result "0-1"]
[Round "03"]
[TimeControl "180+1"]
[Date "2022.05.03"]
[WhiteClock "0:00:13"]
[BlackClock "0:01:44"]

1. d4 g6 2. c4 Bg7 3. Nf3 c5 4. d5 e6 5. Nc3 exd5 6. cxd5 d6 7. g3 a6 8. a4 Nf6 9. Bg2 O-O 10. O-O Re8 11. Nd2 Nbd7 12. Nc4 Ne5 13. Na3 Bd7 14. f4 Neg4 15. e4 Nh5 16. Nc2 b5 17. h3 Nxg3 18. hxg4 Qh4 19. g5 Bg4 20. Bf3 Nxf1 21. Bxg4 Nh2 22. Bd7 Qg3+ 23. Kh1 Nf3 24. Qf1 Qh2# 0-1


[Site "https://www.chess.com"]

[Event "Titled Tuesday Blitz May 03 Late 2022"]
[White "Kohler, Aran"]
[Black "Fernandez, Daniel Howard"]
[WhiteFideId "1002856"]
[BlackFideId "5801605"]
[WhiteElo "2338"]
[BlackElo "2466"]
[Result "0-1"]
[Round "03"]
[TimeControl "180+1"]
[Date "2022.05.03"]
[WhiteClock "0:00:18"]
[BlackClock "0:02:03"]

1. e4 c5 2. Nf3 d6 3. d4 cxd4 4. Nxd4 Nf6 5. Nc3 a6 6. Bg5 e6 7. f4 h6 8. Bh4 Qb6 9. a3 Be7 10. Bf2 Qc7 11. Bd3 b5 12. Qf3 Bb7 13. O-O-O Nbd7 14. Rhe1 Nc5 15. Kb1 Rc8 16. Qg3 O-O 17. e5 dxe5 18. fxe5 Nd5 19. Nxd5 Bxd5 20. c3 Nxd3 21. Rxd3 Qc4 22. Kc2 a5 23. Rdd1 b4 24. Qd3 Qa2 25. Ra1 b3+ 26. Kd2 Qxb2+ 27. Ke3 Rxc3 28. Re2 Rxd3+ 29. Kxd3 Qxa1 0-1


[Site "https://www.chess.com"]

[Event "Titled Tuesday Blitz May 03 Late 2022"]
[White "Korchmar, Vasiliy"]
[Black "Deac, Bogdan-Daniel"]
[WhiteFideId "24131750"]
[BlackFideId "1226380"]
[WhiteElo "2370"]
[BlackElo "2648"]
[Result "0-1"]
[Round "03"]
[TimeControl "180+1"]
[Date "2022.05.03"]
[WhiteClock "0:00:05"]
[BlackClock "0:00:53"]

1. e4 c5 2. Nf3 Nc6 3. d4 cxd4 4. Nxd4 Nf6 5. Nc3 e5 6. Ndb5 d6 7. Nd5 Nxd5 8. exd5 Nb8 9. a4 Be7 10. Be2 O-O 11. O-O Nd7 12. Kh1 f5 13. f4 a6 14. Na3 b6 15. Nc4 Bb7 16. fxe5 Nxe5 17. Be3 Nd7 18. a5 b5 19. Nb6 Rb8 20. Bd3 g6 21. c4 bxc4 22. Bxc4 Bf6 23. Nxd7 Qxd7 24. Bd4 Qg7 25. Bxf6 Qxf6 26. Qd3 Qxb2 27. Bxa6 Ba8 28. Bc4 Qb4 29. a6 Rfc8 30. a7 Rb6 31. Rfb1 Qxc4 32. Qxc4 Rxb1+ 33. Rxb1 Rxc4 34. h3 Kg7 35. Rb8 Bxd5 36. a8=Q Bxa8 37. Rxa8 h5 38. Rd8 Rd4 39. Kh2 h4 40. Rd7+ Kf6 41. Rd8 Rd2 42. Rd7 g5 43. Kg1 d5 44. Rd6+ Ke5 45. Rg6 Kf4 46. Ra6 d4 47. Ra4 Kg3 0-1


[Site "https://www.chess.com"]

[Event "Titled Tuesday Blitz May 03 Late 2022"]
[White "Kozin, Yuri"]
[Black "Gutierrez Olivares, Daniel"]
[WhiteFideId "4129920"]
[BlackFideId "2264005"]
[WhiteElo "2559"]
[BlackElo "2317"]
[Result "1-0"]
[Round "03"]
[TimeControl "180+1"]
[Date "2022.05.03"]
[WhiteClock "0:01:50"]
[BlackClock "0:00:03"]

1. e4 e6 2. d4 d5 3. Nd2 Nf6 4. Bd3 a6 5. Ngf3 c5 6. dxc5 Nbd7 7. Qe2 Nxc5 8. e5 Nfd7 9. O-O Be7 10. Nb3 b6 11. Nbd4 Qc7 12. Re1 Bb7 13. Bg5 Ne4 14. Bxe7 Kxe7 15. c4 Nxe5 16. cxd5 exd5 17. Rac1 Nxf3+ 18. gxf3 Qe5 19. fxe4 Qxd4 20. exd5+ Kf6 21. Qe7# 1-0


[Site "https://www.chess.com"]

[Event "Titled Tuesday Blitz May 03 Late 2022"]
[White "Koziorowicz, Michal"]
[Black "Roux, Baptiste"]
[WhiteFideId "21809194"]
[BlackFideId "36017450"]
[WhiteElo "2235"]
[BlackElo "1935"]
[Result "0-1"]
[Round "03"]
[TimeControl "180+1"]
[Date "2022.05.03"]
[WhiteClock "0:01:07"]
[BlackClock "0:00:13"]

1. e4 e5 2. Bc4 Nf6 3. d3 Nc6 4. Nc3 Bc5 5. f3 d6 6. Nge2 Be6 7. Bb3 Qd7 8. Bg5 h6 9. Bxf6 gxf6 10. Nd5 Bxd5 11. Bxd5 Ne7 12. Bb3 O-O-O 13. c3 d5 14. Qc2 Rhg8 15. g4 Be3 16. Ng3 dxe4 17. dxe4 Ng6 18. Rd1 Qc6 19. Bxf7 Rxd1+ 20. Qxd1 Rd8 21. Qe2 Nf4 22. Qc2 Rd2 23. Qxd2 Bxd2+ 24. Kxd2 Qd7+ 25. Kc2 Qxf7 26. b3 c5 27. Rd1 c4 28. Nf5 cxb3+ 29. axb3 Kc7 30. Nd6 Qf8 31. Nb5+ Kb6 32. Nd6 Kc6 33. Nc4 b5 34. Na5+ Kb6 35. b4 Ng2 36. Rd7 Ne1+ 37. Kb2 Nxf3 38. Nb3 Kc6 39. Rxa7 Qd8 40. Ra6+ Kc7 41. Nc5 Qd2+ 42. Kb3 Qd1+ 43. Kb2 Nd2 44. Ra1 Qe2 45. Ra7+ Kb8 46. Rb7+ Ka8 47. Rd7 Nc4+ 48. Kc1 Qb2+ 49. Kd1 Qxc3 50. Rd8+ Ka7 51. Rd7+ Kb8 52. Rd3 Nb2+ 53. Ke2 Nxd3 54. Nxd3 Qc2+ 55. Ke3 Qxh2 56. Nc5 Qf4+ 0-1


[Site "https://www.chess.com"]

[Event "Titled Tuesday Blitz May 03 Late 2022"]
[White "Kruckenhauser, Arthur"]
[Black "Nozdrachev, Leonid"]
[WhiteFideId "1642812"]
[BlackFideId "24113433"]
[WhiteElo "2243"]
[BlackElo "2242"]
[Result "0-1"]
[Round "03"]
[TimeControl "180+1"]
[Date "2022.05.03"]
[WhiteClock "0:00:01"]
[BlackClock "0:00:26"]

1. e4 Nc6 2. Nc3 d6 3. Nf3 Nf6 4. d4 e5 5. h3 exd4 6. Nxd4 Nxd4 7. Qxd4 Be7 8. Be3 O-O 9. O-O-O a6 10. Kb1 b5 11. g4 Bb7 12. Bg2 Qe8 13. g5 Nd7 14. h4 Ne5 15. f4 c5 16. Qd2 Nc4 17. Qf2 Bd8 18. Bc1 Ba5 19. Nd5 Bxd5 20. Rxd5 Rd8 21. h5 Nb6 22. Rd3 c4 23. Rg3 Nd7 24. f5 Bb6 25. Be3 Bxe3 26. Qxe3 Ne5 27. f6 Qc6 28. fxg7 Kxg7 29. g6 fxg6 30. hxg6 hxg6 31. Qh6+ Kf7 32. Rf1+ Ke7 33. Qg5+ Kd7 34. Bh3+ Kc7 35. Qe7+ Nd7 36. Rxf8 Rxf8 37. Rg1 Rf3 38. Bg4 Rf4 0-1


[Site "https://www.chess.com"]

[Event "Titled Tuesday Blitz May 03 Late 2022"]
[White "Lehtosaari, Mauri"]
[Black "Nagy, Gabor"]
[WhiteFideId "501999"]
[BlackFideId "737119"]
[WhiteElo "2511"]
[BlackElo "2534"]
[Result "0-1"]
[Round "03"]
[TimeControl "180+1"]
[Date "2022.05.03"]
[WhiteClock "0:02:11"]
[BlackClock "0:02:37"]

1. e4 g6 2. Nc3 Bg7 3. Nf3 d6 4. Bc4 Nf6 5. d3 O-O 6. Bg5 c6 7. Qd2 b5 8. Bb3 a5 9. a3 Na6 10. Ba2 b4 11. axb4 axb4 12. Ne2 Bg4 13. c3 Bxf3 14. gxf3 Nc5 15. O-O b3 16. Bxb3 Nxb3 17. Rxa8 Qxa8 18. Qc2 Nc5 19. Be3 Ne6 20. Ng3 Rb8 21. h3 Qb7 22. Rb1 h5 23. h4 Qb3 24. Qd2 Nd7 25. f4 Bxc3 26. Qe2 Bg7 27. f5 Nd4 28. Bxd4 Bxd4 29. fxg6 fxg6 0-1


[Site "https://www.chess.com"]

[Event "Titled Tuesday Blitz May 03 Late 2022"]
[White "Leiva, Gianmarco"]
[Black "Pinheiro, Iung Alicio de O."]
[WhiteFideId "3804399"]
[BlackFideId "2104350"]
[WhiteElo "2763"]
[BlackElo "2515"]
[Result "0-1"]
[Round "03"]
[TimeControl "180+1"]
[Date "2022.05.03"]
[WhiteClock "0:00:02"]
[BlackClock "0:00:02"]

1. Nf3 c5 2. g3 g6 3. Bg2 Bg7 4. O-O Nc6 5. d3 d6 6. c4 e5 7. Nc3 Nge7 8. Rb1 O-O 9. a3 a5 10. Bd2 Rb8 11. Qc1 Nf5 12. Nd5 b5 13. cxb5 Rxb5 14. Bg5 f6 15. Qc4 Kh8 16. Qxb5 Ncd4 17. Nxd4 Nxd4 18. Bxf6 Bxf6 19. Qb6 Nxe2+ 20. Kh1 Bf5 21. Qxd8 Bxd8 22. Be4 Bh3 23. Bg2 Bf5 24. Rbd1 a4 25. Nc3 Nxc3 26. bxc3 Ba5 27. c4 Bc3 28. Be4 Bh3 29. Bg2 Bf5 30. f4 Rb8 31. fxe5 Bxe5 32. Rb1 Rxb1 33. Rxb1 Bxd3 34. Rb8+ Kg7 35. Bd5 Bc2 36. Kg2 Bb3 37. Bc6 Bxc4 38. Ra8 Bb3 39. Ra7+ Kf6 40. Bxa4 Bd5+ 41. Kf1 h5 42. Bb5 c4 43. Rc7 c3 44. Bd3 Bf3 45. a4 d5 46. Rc6+ Ke7 47. a5 d4 48. Rc5 Kd6 49. Rb5 Bc6 50. Rb6 Kc5 51. Ke1 Bc7 52. Ra6 Bb7 53. Ra7 Kc6 54. Be4+ Kd6 55. Rxb7 Bxa5 56. Bxg6 c2+ 57. Kf2 c1=Q 0-1


[Site "https://www.chess.com"]

[Event "Titled Tuesday Blitz May 03 Late 2022"]
[White "Licznerski, Lukasz"]
[Black "Skawinski, Arkadiusz"]
[WhiteFideId "1179250"]
[BlackFideId "1126415"]
[WhiteElo "2422"]
[BlackElo "2222"]
[Result "0-1"]
[Round "03"]
[TimeControl "180+1"]
[Date "2022.05.03"]
[WhiteClock "0:00:01"]
[BlackClock "0:00:10"]

1. e4 e6 2. d4 d5 3. Nd2 c5 4. exd5 Qxd5 5. Ngf3 cxd4 6. Bc4 Qd7 7. O-O Nc6 8. Nb3 Nf6 9. Nbxd4 Nxd4 10. Nxd4 a6 11. Bb3 Bc5 12. c3 O-O 13. Bg5 Bxd4 14. cxd4 Nd5 15. Qg4 f5 16. Qe2 h6 17. Bd2 b6 18. Rfe1 Re8 19. f3 Bb7 20. Rad1 Kh7 21. a3 Bc6 22. Qf2 Ba4 23. Bxd5 Qxd5 24. Rc1 Rac8 25. Bc3 Qd7 26. Re5 Bb3 27. d5 exd5 28. Rxe8 Qxe8 29. Qxb6 f4 30. Kf2 Rc6 31. Qd4 Qf7 32. Re1 Rg6 33. Qb4 Bc4 34. Re7 Qf5 35. Bd2 Qd3 36. Re1 Re6 37. Qc3 Re2+ 38. Kf1 Rxd2+ 0-1


[Site "https://www.chess.com"]

[Event "Titled Tuesday Blitz May 03 Late 2022"]
[White "Mangialardo, Tiago Carvalho"]
[Black "Zhou, Qiyu"]
[WhiteFideId "2130718"]
[BlackFideId "505161"]
[WhiteElo "2115"]
[BlackElo "1925"]
[Result "0-1"]
[Round "03"]
[TimeControl "180+1"]
[Date "2022.05.03"]
[WhiteClock "0:00:03"]
[BlackClock "0:00:59"]

1. e4 e5 2. Nf3 Nc6 3. d4 exd4 4. Nxd4 Nf6 5. Nc3 Bb4 6. Nxc6 bxc6 7. Bd3 d5 8. exd5 cxd5 9. O-O O-O 10. Bg5 c6 11. Qf3 Be7 12. Rfe1 Be6 13. Re2 Bg4 14. Qe3 Bxe2 15. Qxe2 Re8 16. Re1 Qd7 17. Qf3 Qg4 18. Qxg4 Nxg4 19. Bxe7 f6 20. h3 Ne5 21. Bd6 Nf3+ 22. gxf3 Rxe1+ 23. Kg2 g6 24. f4 Kf7 25. Ne2 Re8 26. Nd4 Ra1 27. a3 Ree1 28. Nxc6 Rg1+ 29. Kf3 Rh1 30. h4 Rxh4 31. Nd8+ Ke8 32. Ne6 Kd7 0-1


[Site "https://www.chess.com"]

[Event "Titled Tuesday Blitz May 03 Late 2022"]
[White "Martinez Alcantara, Jose Eduardo"]
[Black "Beerdsen, Thomas"]
[WhiteFideId "3805662"]
[BlackFideId "1030108"]
[WhiteElo "2690"]
[BlackElo "2585"]
[Result "1-0"]
[Round "03"]
[TimeControl "180+1"]
[Date "2022.05.03"]
[WhiteClock "0:00:20"]
[BlackClock "0:00:04"]

1. e4 c5 2. Nf3 Nc6 3. c3 Nf6 4. Bd3 d5 5. e5 Ng4 6. Bb5 Bd7 7. Bxc6 Bxc6 8. d4 e6 9. O-O h5 10. Na3 Nh6 11. Nc2 Rc8 12. dxc5 Bxc5 13. Ncd4 h4 14. h3 Be7 15. Be3 g5 16. Nh2 Qc7 17. f4 gxf4 18. Bxf4 Nf5 19. Nxf5 exf5 20. Nf3 d4 21. Nxd4 Bc5 22. Rf2 Rg8 23. Qh5 Be4 24. Qh7 Rg6 25. Re1 Bxd4 26. cxd4 Qc6 27. d5 Qxd5 28. Qh8+ Kd7 29. e6+ Rxe6 30. Qh5 Ke8 31. Rd1 Qc5 32. Rc1 Qxc1+ 33. Bxc1 Rxc1+ 34. Kh2 Rg6 35. Qxh4 Rcc6 36. Qh8+ Ke7 37. Qe5+ Kf8 38. Rd2 Rce6 39. Qh8+ Ke7 40. Qd8# 1-0


[Site "https://www.chess.com"]

[Event "Titled Tuesday Blitz May 03 Late 2022"]
[White "Martinez Reyes, Pedro Ramon"]
[Black "Kazakouski, Valery"]
[WhiteFideId "3901807"]
[BlackFideId "13507443"]
[WhiteElo "2410"]
[BlackElo "2524"]
[Result "1-0"]
[Round "03"]
[TimeControl "180+1"]
[Date "2022.05.03"]
[WhiteClock "0:01:25"]
[BlackClock "0:00:07"]

1. d4 Nf6 2. Bf4 e6 3. Nd2 c5 4. dxc5 Bxc5 5. e3 O-O 6. Ngf3 b6 7. Bd3 Be7 8. O-O d6 9. c4 Bb7 10. b3 e5 11. Bg5 e4 12. Bxf6 Bxf6 13. Bxe4 Bxe4 14. Nxe4 Bxa1 15. Qd5 Nd7 16. Rxa1 Nf6 17. Nxf6+ Qxf6 18. Nd4 Qe5 19. Qb7 Rfe8 20. Rd1 Qa5 21. a4 Qh5 22. Rd2 Qg6 23. h3 h6 24. Kh2 d5 25. cxd5 Rad8 26. Nc6 Qd6+ 27. g3 Rd7 28. Qa6 Qf6 29. Kg2 h5 30. Qc4 Qf5 31. d6 Kh8 32. Rd5 Qg6 33. Ne7 Qh6 34. Qb5 Red8 35. Rxh5 1-0


[Site "https://www.chess.com"]

[Event "Titled Tuesday Blitz May 03 Late 2022"]
[White "Meduri, Aakaash"]
[Black "Gombocz, Ferenc Jr."]
[WhiteFideId "2032252"]
[BlackFideId "775029"]
[WhiteElo "2096"]
[BlackElo "1913"]
[Result "0-1"]
[Round "03"]
[TimeControl "180+1"]
[Date "2022.05.03"]
[WhiteClock "0:00:05"]
[BlackClock "0:00:15"]

1. g4 d5 2. Bg2 Bxg4 3. c4 Be6 4. Qb3 c6 5. Qxb7 Nd7 6. cxd5 cxd5 7. Nc3 Qc8 8. Qb5 Rb8 9. Qa4 Nf6 10. Nf3 g6 11. Nd4 Bg7 12. O-O Qc4 13. Nxe6 fxe6 14. Qxc4 dxc4 15. d3 cxd3 16. exd3 O-O 17. Re1 Nc5 18. d4 Nd3 19. Rxe6 Kf7 20. Re2 Rfc8 21. Rd2 Nxc1 22. Rxc1 Bh6 23. Rcc2 Bxd2 24. Rxd2 e6 25. Kf1 Rd8 26. Ke2 Rb4 27. d5 exd5 28. a3 Rbb8 29. Na4 Ne4 30. Rc2 Re8 31. Ke3 Nc5+ 32. Kd4 Nxa4 33. Bxd5+ Kg7 34. Rc7+ Kh6 35. Rxa7 Nxb2 36. a4 Red8 37. a5 Rb5 38. Kc3 Rdxd5 39. Rf7 Na4+ 40. Kc4 Rdc5+ 41. Kd4 Rxa5 42. f3 Rd5+ 43. Ke3 Rac5 44. Kf2 Nc3 45. Kg3 Ne2+ 46. Kf2 Nd4 47. Kg3 Rf5 48. Rd7 Rxf3+ 49. Kg4 Rg5+ 50. Kh4 Nf5# 0-1


[Site "https://www.chess.com"]